 Dungeon Crawl Stone Soup version 0.19.0-2-gae57169 (webtiles) character file.

231058 varam the Warrior (level 19, -1/134 HPs)
             Began as a Gargoyle Fighter on Nov 3, 2016.
             Was a High Priest of Okawaru.
             Slain by a spatial maelstrom (5 damage)
             ... while paralysed by accursed screaming
             ... on level 2 of the Abyss.
             The game lasted 02:32:03 (41264 turns).

varam the Warrior (Gargoyle Fighter)               Turns: 41264, Time: 02:32:03

Health: -1/134     AC: 65    Str: 33    XL:     19   Next: 49%
Magic:  22/22      EV:  2    Int:  7    God:    Okawaru [*****.]
Gold:   2927       SH:  0    Dex: 12    Spells: 1 memorised, 16 levels left

rFire  + . .     SeeInvis .     w - +1 morningstar (protect)
rCold  . . .     Gourm    .     W - +15 crystal plate armour of Surprise {Str+3}
rNeg   + + .     Faith    +     g - +3 shield {reflect}
rPois  ∞         Spirit   .     r - +1 helmet
rElec  +         Reflect  +     l - +1 cloak {MR+}
rCorr  .         Harm     .     j - +2 pair of gloves
MR     ++...     Rnd*Rage +     h - +1 pair of boots {Stlth+}
Stlth  ..........               x - amulet of faith
                                Q - ring of positive energy
                                N - +5 ring of strength

@: paralysed, flying
A: big wings, talons 1, berserk 3, blurry vision 1, dopey 1, fire resistance 1,
negative energy resistance 1, sense surroundings 1, electricity resistance,
unbreathing, petrification resistance, rot immunity, AC +13
a: Stop Flying, Heroism, Finesse, Renounce Religion
}: 1/15 runes: decaying


You were on level 2 of the Abyss.
You worshipped Okawaru.
Okawaru was extremely pleased with you.
You were hungry.

You visited 7 branches of the dungeon, and saw 32 of its levels.
You visited the Abyss 1 time.
You also visited: Ice Cave and Volcano.

You collected 2997 gold pieces.
You spent 70 gold pieces at shops.

Inventory:

Hand Weapons
 d - a +1 broad axe of freezing
 w - a +1 morningstar of protection (weapon)
 y - a +4 broad axe
 J - a +2 demon whip of pain
 O - a +5 hand crossbow of freezing
Missiles
 T - 556 bolts
Armour
 g - a +3 shield of reflection (worn)
 h - a +1 pair of boots of stealth (worn)
 j - a +2 pair of gloves (worn)
 l - a +1 cloak of magic resistance (worn)
 r - a +1 helmet (worn)
 W - the +15 crystal plate armour of Surprise (worn) {Str+3}
   (Okawaru gifted it to you on level 1 of the Swamp)

   It affects your strength (+3).
Jewellery
 o - an uncursed ring of see invisible
 q - the amulet "Owauch" {+Rage Str+4}
   (You found it on level 1 of the Spider Nest)

   [amulet of rage]

   It affects your strength (+4).
   It lets you go berserk.
 v - a +3 amulet of reflection
 x - an amulet of faith (around neck)
 D - an uncursed ring of protection from magic
 N - a +5 ring of strength (left hand)
 P - an uncursed amulet of guardian spirit
 Q - a ring of positive energy (right hand)
 R - an uncursed ring of fire {unknown}
 Z - an uncursed ring of protection from cold
Wands
 b - a wand of acid (10/15)
 c - a wand of teleportation (4/9)
 z - a wand of acid (9/15)
 B - a wand of digging (4/24)
 S - a wand of disintegration (16/24)
 V - a wand of digging (19/24)
Scrolls
 i - 7 scrolls of blinking
 p - a scroll of fear
 u - a scroll of fog {unknown}
 F - 9 scrolls of teleportation
 G - 2 scrolls of enchant weapon
 H - a scroll of holy word
 I - 8 scrolls of remove curse
 M - 2 scrolls of amnesia
 X - a scroll of magic mapping
Potions
 a - a potion of heal wounds {unknown}
 k - 2 potions of might
 m - 8 potions of curing
 s - 8 potions of haste
 E - 3 potions of berserk rage
 K - 6 potions of agility
Books
 t - a book of Minor Magic

   Spells                             Type                      Level
   a - Magic Dart                     Conjuration                  1
   b - Blink                          Translocation                2
   c - Call Imp                       Summoning                    2
   d - Repel Missiles                 Charms/Air                   2
   e - Slow                           Hexes                        2
   f - Conjure Flame                  Conjuration/Fire             3
   g - Mephitic Cloud                 Conjuration/Poison/Air       3
Miscellaneous
 e - 2 phantom mirrors
 A - a lamp of fire
 C - a disc of storms
Comestibles
 f - 13 fruits
 n - 7 beef jerkies
 L - 3 meat rations
 U - 6 bread rations
 Y - 2 slices of pizza


   Skills:
 + Level 19.9 Fighting
 - Level 16.0 Maces & Flails
 - Level 5.0 Crossbows
 - Level 17.4 Armour
 - Level 8.1 Dodging
 - Level 5.4 Stealth
 + Level 12.8 Shields
 - Level 5.0 Invocations
 - Level 5.0 Evocations


You had 16 spell levels left.
You knew the following spells:

 Your Spells              Type           Power        Failure   Level  Hunger
a - Passwall              Tmut/Erth      #.........   100%        2    ###....


Dungeon Overview and Level Annotations

Branches:
Dungeon (15/15)            Temple (1/1) D:6            Lair (6/6) D:9
  Swamp (4/4) Lair:4       Spider (1/4) Lair:2        Slime (0/5) Lair:6
    Orc (2/2) D:11            Elf (0/3) Orc:2        Vaults (3/5) D:14
  Crypt (0/3) Vaults:2     Depths (0/5) D:15

Altars:
Ashenzari
Cheibriados
Dithmenos
Elyvilon
Fedhas
Gozag
Hepliaklqana
Kikubaaqudgha
Makhleb
Nemelex Xobeh
Okawaru
Qazlal
Ru
Sif Muna
Trog
Uskayaw
Vehumet
Xom
Yredelemnul
Zin
The Shining One
Beogh
Jiyva

Shops:
D:11 [   Orc:2 }[%%

Portals:
Pandemonium: Orc:2
Trove: Vaults:2 (give +3 storm dragon scales)


Innate Abilities, Weirdness & Mutations

You are resistant to torment.
Your stone body is resilient. (AC +13)
You are immune to poison.
Your large and strong wings let you fly indefinitely.
You resist negative energy. (rN+)
You are resistant to electric shocks. (rElec)
You can survive without breathing.
You are immune to petrification.
You are immune to rotting.
You have sharp toenails.
You have an uncontrollable temper.
Scrolls take you a little longer to read.
You are dopey. (Int -2)
Your flesh is heat resistant. (rF+)
You passively map a small area around you.


Message History

You block the spatial maelstrom's attack.
The spatial maelstrom closely misses you.
You block the starcursed mass's attack.
You feel less exhausted.
You feel better.
The spatial maelstrom hits you but does no damage.
The spatial maelstrom misses you.
The starcursed mass engulfs you but does no damage.
A spatial vortex comes into view.
You feel better.
You block the spatial maelstrom's attack. x2
The starcursed mass engulfs you but does no damage.
The starcursed mass barely misses you.
The spatial maelstrom barely misses you.
The spatial maelstrom closely misses you.
A cacophony of accursed wailing tears at your sanity!
* * * LOW HITPOINT WARNING * * *
You suddenly lose the ability to move!
A starcursed mass splits.
The spatial maelstrom hits you.
You die...

#. .. # ### .#
##.. .... .#...
...x .#.. . ..
.X#.#
###.######.X.#
#v...X.Xv@#
#.....XXX#.....#
##......X.####.#
#......#....
#.....Xv.v...#
#........_.##.
#...v...#.##
#...........##
#.......#. #.# #


You could see 8 starcursed masses, a spatial maelstrom, 2 spatial vortices and a
large abomination.

Vanquished Creatures
  Margery (Vaults:3)
  A bone dragon (Swamp:4)
  Rupert (D:13)
  Jorgrun (Vaults:1)
  Asterion (Vaults:3)
  A sphinx (Vaults:2)
  A thorn hunter (Swamp:4)
  Donald (Orc:2)
  2 frost giants
  A fire giant (Vaults:3)
  A ghost moth (Spider:1)
  2 vault wardens
  A war gargoyle (Vaults:1)
  3 stone giants
  Nessos (Lair:6)
  2 entropy weavers
  4 ironheart preservers
  2 deep elf demonologists (Vaults:1)
  3 dire elephants (Lair:6)
  2 ettins
  Snorg (D:14)
  Josephine (D:14)
  A deep elf death mage (Vaults:1)
  4 fire dragons
  4 yaktaur captains
  A great orb of eyes (Vaults:3)
  21 hydras
  A rakshasa (D:15)
  Erolcha (D:13)
  An anaconda (Lair:6)
  5 ghost crabs
  9 centaur warriors
  7 ogre magi
  A thrashing horror (Abyss:2)
  2 death knights
  2 deep troll earth magi (Vaults:3)
  8 alligators
  11 death yaks
  5 orc high priests (Orc:2)
  4 deep elf knights
  A soul eater (Orc:1)
  3 sun demons (Orc:2)
  A hell knight (Vaults:2)
  3 skeletal warriors
  A shadow wraith (Vaults:1)
  3 deep trolls (Vaults:3)
  2 gelid demonspawn (Orc:2)
  A sea snake (shapeshifter) (D:15)
  3 unseen horrors
  A wizard (Vaults:2)
  4 swamp dragons
  A spriggan druid (Swamp:2)
  3 glowing orange brains
  2 deep elf archers
  2 shambling mangroves (Swamp:3)
  Pikel (D:3)
  6 ironbrand convokers
  5 necromancers
  12 hill giants
  12 ugly things
  10 orc knights
  2 spectral hydras (Swamp:4)
  3 orb spiders (Spider:1)
  3 harpies (Vaults:2)
  4 phantasmal warriors
  6 orc sorcerers (Orc:2)
  A harpy (shapeshifter) (D:14)
  A wolf spider zombie (D:12)
  7 cyclopes
  2 deep elf magi
  4 wolf spiders
  A manticore (D:15)
  A starcursed mass (Abyss:2)
  8 elephants (Lair:6)
  12 vault sentinels
  4 black mambas
  Maurice (D:13)
  10 spiny frogs
  3 gargoyles
  An ice statue (IceCv)
  An efreet (Volcano)
  An orange demon (Orc:2)
  A hellwing (Orc:2)
  11 komodo dragons
  An ancient zyme (Abyss:2)
  2 kobold demonologists (D:15)
  A yaktaur (shapeshifter) (Vaults:2)
  2 rime drakes
  3 freezing wraiths
  3 swamp worm zombies (Swamp:4)
  11 yaktaurs
  A demonic crawler (Spider:1)
  9 trolls
  3 hydra zombies (Swamp:4)
  17 polar bears
  A meliai (shapeshifter) (D:15)
  6 tyrant leeches
  11 two-headed ogres
  A polar bear (shapeshifter) (D:15)
  5 jumping spiders (Spider:1)
  10 hornets
  19 slime creatures
  A raiju (Abyss:2)
  8 bog bodies
  A dream sheep (shapeshifter) (Vaults:2)
  11 dream sheep
  3 alligator zombies (Swamp:4)
  A stone giant simulacrum (Vaults:3)
  18 blink frogs
  2 spectral swamp dragons (Swamp:4)
  10 hippogriffs
  5 tarantellas (Spider:1)
  A spriggan (shapeshifter) (Vaults:1)
  A tarantella (shapeshifter) (D:15)
  A hog (shapeshifter) (Vaults:3)
  4 spriggans
  9 redbacks
  3 shadows
  3 wyverns
  64 yaks
  3 vampires
  A human (shapeshifter) (Vaults:3)
  7 wraiths
  8 basilisks
  2 chaos spawn
  A neqoxec (Orc:2)
  A fire elemental (Volcano)
  12 vampire mosquitoes
  5 hungry ghosts
  A swamp worm (shapeshifter) (D:15)
  5 wargs
  Edmund (D:4)
  37 insubstantial wisps
  2 mottled dragons
  32 swamp worms
  15 water moccasins
  7 porcupines
  Duvessa (D:4)
  7 swamp drakes
  2 slaves (D:3)
  4 ice beasts
  3 sky beasts
  A hornet zombie (D:13)
  33 orc warriors
  4 black bears
  A necrophage (D:14)
  12 phantoms
  25 ogres
  4 swamp dragon zombies (Swamp:4)
  16 wolves (IceCv)
  9 centaurs
  7 boggarts (Vaults:1)
  16 crocodiles
  3 big kobolds (D:15)
  2 earth elementals (Volcano)
  19 bullfrogs
  Dowan (D:4)
  2 wyvern skeletons
  4 scorpions
  A small abomination (Abyss:2)
  5 killer bees (D:7)
  A water moccasin skeleton (D:12)
  An electric eel (Lair:6)
  10 crimson imps
  4 centaur zombies
  7 jellies
  2 bullfrog skeletons
  4 hounds
  Crazy Yiuf (D:4)
  18 orc priests
  7 centaur skeletons
  An iron imp (D:14)
  20 orc wizards
  5 iguanas
  3 spectral swamp drakes (Swamp:4)
  7 worker ants
  8 hell rats
  A hound skeleton (D:8)
  A worker ant zombie (D:9)
  A howler monkey skeleton (D:4)
  13 gnolls
  16 adders
  11 river rats (Lair:4)
  4 shadow imps
  12 white imps (D:11)
  7 oozes
  2 adder skeletons (D:8)
  19 worms
  2 dart slugs (D:1)
  8 leopard geckos
  92 orcs
  2 ball pythons
  2 bat zombies (D:5)
  5 giant cockroaches
  7 goblins
  7 hobgoblins
  20 jackals
  13 kobolds
  4 quokkas
  6 bats
  6 frilled lizards
  A leopard gecko skeleton (D:8)
  A quokka skeleton (D:4)
  4 rats
  3 rat zombies (D:5)
  A briar patch (Swamp:4)
  2 plants (Lair:6)
1233 creatures vanquished.

Vanquished Creatures (others)
  A yaktaur captain (Vaults:3)
  An unseen horror (Vaults:1)
  A spectral hydra (Swamp:4)
  2 yaktaurs
  A spiny frog (Swamp:4)
  A freezing wraith (D:15)
  A tengu conjurer (D:15)
  A tarantella (Spider:1)
  An insubstantial wisp (Swamp:4)
  A slave (D:4)
  An ogre (Vaults:1)
  A centaur (D:14)
  A bullfrog (D:14)
  A gnoll (D:4)
  4 bushes
  24 fungi
  26 plants
69 creatures vanquished.

Grand Total: 1302 creatures vanquished

Notes
Turn   | Place    | Note
-------+----------+-------------------------------------------
     0 | D:1      | varam the Gargoyle Fighter began the quest for the Orb.
     0 | D:1      | Reached XP level 1. HP: 14/14 MP: 1/1
   145 | D:1      | Reached XP level 2. HP: 19/19 MP: 2/2
   334 | D:1      | Reached skill level 3 in Maces & Flails
   671 | D:2      | Reached XP level 3. HP: 23/23 MP: 3/3
   833 | D:1      | Reached skill level 4 in Maces & Flails
  1150 | D:2      | Reached XP level 4. HP: 24/28 MP: 4/4
  2052 | D:3      | Reached skill level 5 in Maces & Flails
  2052 | D:3      | Reached XP level 5. HP: 32/32 MP: 5/5
  2343 | D:3      | Found a snail-covered altar of Cheibriados.
  2655 | D:4      | Noticed Dowan
  2657 | D:4      | Noticed Duvessa
  2887 | D:4      | Noticed a phantom
  3244 | D:3      | Reached skill level 6 in Maces & Flails
  3318 | D:4      | Noticed a slave
  3339 | D:4      | Reached XP level 6. HP: 34/37 MP: 6/6
  3393 | D:3      | Killed a slave
  3422 | D:4      | Noticed a slave
  3423 | D:4      | Noticed Pikel
  3425 | D:4      | Noticed a slave
  3451 | D:3      | Killed a slave
  3486 | D:3      | Killed Pikel
  3486 | D:3      | Reached skill level 7 in Maces & Flails
  3486 | D:3      | Reached skill level 5 in Shields
  3486 | D:3      | Reached XP level 7. HP: 17/41 MP: 7/7
  3736 | D:5      | Entered Level 5 of the Dungeon
  3738 | D:5      | Found a shimmering altar of Xom.
  3882 | D:5      | Reached skill level 6 in Shields
  3882 | D:5      | Reached XP level 8. HP: 46/46 MP: 8/8
  3924 | D:4      | Noticed Edmund
  3986 | D:4      | Killed Edmund
  3986 | D:4      | Reached skill level 8 in Maces & Flails
  4361 | D:4      | Found a runed door.
  4485 | D:4      | Reached skill level 7 in Shields
  4508 | D:4      | Killed Duvessa
  4520 | D:4      | Killed Dowan
  4658 | D:4      | Noticed Crazy Yiuf
  4671 | D:4      | Killed Crazy Yiuf
  4807 | D:5      | Found an ancient bone altar of Kikubaaqudgha.
  5033 | D:5      | Reached skill level 8 in Shields
  5141 | D:5      | Reached XP level 9. HP: 40/51 MP: 9/9
  5152 | D:5      | Reached skill level 9 in Shields
  5684 | D:6      | Reached skill level 9 in Maces & Flails
  5724 | D:6      | Reached skill level 4 in Fighting
  5820 | D:6      | Found a staircase to the Ecumenical Temple.
  5845 | D:6      | Found a sacrificial altar of Ru.
  5851 | Temple   | Entered the Ecumenical Temple
  5893 | Temple   | Became a worshipper of Warmaster Okawaru
  5970 | D:6      | Found a shimmering altar of Xom.
  6682 | D:7      | Found Cahuk's Armour Shoppe.
  6685 | D:7      | Found a glowing silver altar of Zin.
  6696 | D:7      | Reached skill level 5 in Fighting
  6722 | D:7      | Reached skill level 10 in Maces & Flails
  6802 | D:7      | Found a deep blue altar of Sif Muna.
  6987 | D:7      | Found a bloodstained altar of Trog.
  7186 | D:8      | Reached * piety under Okawaru
  7251 | D:10     | Entered Level 10 of the Dungeon
  7265 | D:9      | Reached XP level 10. HP: 54/59 MP: 10/10
  7418 | D:7      | Reached skill level 1 in Invocations
  7480 | D:7      | Reached skill level 6 in Fighting
  7572 | D:8      | Reached skill level 11 in Maces & Flails
  7973 | D:8      | Found a shadowy altar of Dithmenos.
  8208 | D:8      | Found a deep blue altar of Sif Muna.
  8394 | D:9      | Reached skill level 2 in Invocations
  8432 | D:9      | Found a hazy altar of Hepliaklqana.
  8465 | D:9      | Reached ** piety under Okawaru
  8482 | D:9      | Reached skill level 3 in Invocations
  8770 | D:9      | Reached *** piety under Okawaru
  8770 | D:9      | Reached skill level 4 in Invocations
  8847 | D:9      | Reached skill level 12 in Maces & Flails
  8878 | D:9      | Noticed a cyclops
  8891 | D:9      | Killed a cyclops
  8936 | D:9      | Reached XP level 11. HP: 62/65 MP: 14/14
  9012 | D:9      | Reached skill level 5 in Invocations
  9078 | D:9      | Found a staircase to the Lair.
  9873 | D:11     | Found Hitamih's Antique Armour Shoppe.
  9914 | D:11     | Reached **** piety under Okawaru
  9921 | D:11     | Reached skill level 13 in Maces & Flails
  9990 | D:11     | Found a frozen archway.
 10086 | IceCv    | Entered an ice cave
 10634 | IceCv    | Reached skill level 14 in Maces & Flails
 10679 | IceCv    | Received a gift from Okawaru
 10685 | IceCv    | Reached ***** piety under Okawaru
 11121 | IceCv    | Noticed a death yak
 11179 | IceCv    | Reached skill level 15 in Maces & Flails
 11179 | IceCv    | Reached XP level 12. HP: 64/71 MP: 13/15
 11213 | IceCv    | Killed a death yak
 11470 | IceCv    | Noticed a frost giant
 11512 | IceCv    | Killed a frost giant
 11515 | IceCv    | Reached skill level 16 in Maces & Flails
 11519 | IceCv    | Reached ****** piety under Okawaru
 11519 | IceCv    | Received a gift from Okawaru
 11611 | IceCv    | Identified the Volume of Malediction
 11683 | D:11     | Reached skill level 4 in Armour
 11827 | D:11     | Reached skill level 7 in Fighting
 11942 | D:11     | Found a staircase to the Orcish Mines.
 12229 | D:11     | Reached skill level 5 in Armour
 12501 | D:12     | Reached skill level 8 in Fighting
 12684 | D:12     | Reached skill level 6 in Armour
 12832 | D:12     | Received a gift from Okawaru
 12850 | D:12     | Got a warped hat {god gift}
 12861 | D:12     | Identified the +0 hat of Laurulimn {Int+6} (Okawaru gifted it to you on level 12 of the Dungeon)
 13083 | D:13     | Reached skill level 7 in Armour
 13094 | D:13     | Reached XP level 13. HP: 73/80 MP: 14/16
 13101 | D:13     | Reached skill level 9 in Fighting
 13296 | D:13     | Noticed Maurice
 13331 | D:13     | Killed Maurice
 13331 | D:13     | Reached skill level 8 in Armour
 13514 | Lair:1   | Entered Level 1 of the Lair of Beasts
 13548 | D:9      | Learned a level 2 spell: Passwall
 13915 | Lair:1   | Reached skill level 10 in Fighting
 14489 | Lair:2   | Reached skill level 9 in Armour
 14814 | Lair:2   | Found a hole to the Spider Nest.
 15117 | Lair:3   | Received a gift from Okawaru
 15171 | Lair:3   | Reached skill level 11 in Fighting
 15408 | Lair:3   | Reached skill level 10 in Armour
 16513 | Lair:4   | Found a dark tunnel.
 16522 | Volcano  | Entered a volcano
 16553 | Volcano  | Gained mutation: Your large and strong wings let you fly indefinitely. [Gargoyle growth]
 16553 | Volcano  | Reached XP level 14. HP: 63/91 MP: 11/17
 16557 | Volcano  | Reached skill level 12 in Fighting
 16729 | Volcano  | Noticed a stone giant
 16741 | Volcano  | Killed a stone giant
 16741 | Volcano  | Reached skill level 11 in Armour
 17010 | Lair:4   | Reached skill level 1 in Dodging
 17048 | Lair:4   | Found a staircase to the Swamp.
 17141 | Lair:4   | Found a deep blue altar of Sif Muna.
 17461 | Lair:4   | Reached skill level 2 in Dodging
 17641 | Lair:5   | Reached skill level 3 in Dodging
 17677 | Lair:5   | Found an iron altar of Okawaru.
 17734 | Lair:6   | Entered Level 6 of the Lair of Beasts
 17828 | Lair:5   | Received a gift from Okawaru
 17860 | Lair:5   | Reached skill level 4 in Dodging
 18345 | Lair:5   | Reached skill level 5 in Dodging
 18570 | Lair:6   | Reached skill level 6 in Dodging
 18681 | Lair:6   | Reached skill level 7 in Dodging
 18744 | Lair:6   | Noticed Nessos
 18796 | Lair:6   | Killed Nessos
 19156 | Lair:6   | Received a gift from Okawaru
 19156 | Lair:6   | Reached skill level 8 in Dodging
 19307 | Lair:6   | Reached skill level 1 in Crossbows
 19307 | Lair:6   | Reached skill level 1 in Stealth
 19364 | Lair:6   | Reached skill level 2 in Stealth
 19380 | Lair:6   | Reached skill level 2 in Crossbows
 19457 | Lair:6   | Reached skill level 3 in Crossbows
 19531 | Lair:6   | Reached XP level 15. HP: 91/96 MP: 16/18
 19536 | Lair:6   | Reached skill level 3 in Stealth
 19761 | Lair:6   | Found a viscous altar of Jiyva.
 19761 | Lair:6   | Found a staircase to the Slime Pits.
 20034 | Lair:6   | Reached skill level 4 in Crossbows
 20088 | Lair:6   | Reached skill level 4 in Stealth
 20431 | Lair:6   | Received a gift from Okawaru
 20431 | Lair:6   | Reached skill level 5 in Stealth
 20627 | Lair:5   | Reached skill level 5 in Crossbows
 21130 | Orc:1    | Entered Level 1 of the Orcish Mines
 21254 | Orc:1    | Found a roughly hewn altar of Beogh.
 21372 | Orc:2    | Entered Level 2 of the Orcish Mines
 21382 | Orc:2    | Found a staircase to the Elven Halls.
 21889 | Orc:2    | Found Kuhagrat's Food Shop.
 21891 | Orc:2    | Found Vilupica's Food Boutique.
 21989 | Orc:2    | Reached skill level 10 in Shields
 22077 | Orc:2    | Gained mutation: You are clumsy. (Dex -2) [a neqoxec]
 22357 | Orc:2    | Noticed Donald
 22413 | Orc:2    | Killed Donald
 22959 | Orc:2    | Paralysed by an orc sorcerer for 7 turns
 23478 | Orc:2    | Reached skill level 12 in Armour
 23792 | Orc:2    | Bought a bread ration for 70 gold pieces
 23820 | Orc:2    | Paralysed by an orc sorcerer for 7 turns
 23874 | Orc:2    | Reached skill level 13 in Fighting
 23939 | Orc:2    | Found Juinnoef's Gadget Shoppe.
 23939 | Orc:2    | Found a one-way gate leading to the halls of Pandemonium.
 23939 | Orc:2    | Found Qoromiod's Antique Armour Emporium.
 24963 | Swamp:1  | Entered Level 1 of the Swamp
 25073 | Swamp:1  | Received a gift from Okawaru
 25073 | Swamp:1  | Reached skill level 11 in Shields
 25554 | Swamp:2  | Reached skill level 1 in Evocations
 25783 | Swamp:2  | Reached XP level 16. HP: 101/104 MP: 19/19
 25967 | Swamp:2  | Got a shimmering plate armour
 25984 | Swamp:1  | Identified the +5 plate armour of the Present {*Contam rPois rCorr Dex+3} (You found it on level 2 of the Swamp)
 26100 | Swamp:1  | Received a gift from Okawaru
 26101 | Swamp:1  | Got a faintly humming crystal plate armour {god gift}
 26131 | Swamp:1  | Identified the +15 crystal plate armour of Surprise {Str+3} (Okawaru gifted it to you on level 1 of the Swamp)
 26276 | Swamp:2  | Reached skill level 2 in Evocations
 26427 | Swamp:2  | Got a bloodstained scale mail
 26467 | Swamp:2  | Identified the +5 scale mail of a bailey {rN+ Int+5 Dex-4} (You found it on level 2 of the Swamp)
 26797 | Swamp:3  | Reached skill level 3 in Evocations
 26876 | Swamp:3  | Reached skill level 13 in Armour
 27025 | Swamp:3  | Reached skill level 4 in Evocations
 27509 | Swamp:3  | Reached skill level 5 in Evocations
 27734 | Swamp:4  | Entered Level 4 of the Swamp
 27747 | Swamp:4  | Noticed a thorn hunter
 27770 | Swamp:4  | Killed a thorn hunter
 28106 | Swamp:4  | Received a gift from Okawaru
 28106 | Swamp:4  | Reached skill level 14 in Fighting
 29005 | Swamp:4  | Reached skill level 15 in Fighting
 29156 | Swamp:3  | Received a gift from Okawaru
 29662 | Swamp:4  | Received a gift from Okawaru
 29664 | Swamp:4  | Noticed a bone dragon
 29917 | Swamp:4  | Killed a bone dragon
 29917 | Swamp:4  | Reached XP level 17. HP: 96/114 MP: 13/20
 30021 | Swamp:4  | Got a decaying rune of Zot
 30404 | Spider:1 | Entered Level 1 of the Spider Nest
 30536 | Spider:1 | Received a gift from Okawaru
 30536 | Spider:1 | Reached skill level 16 in Fighting
 31002 | Spider:1 | Got a twitching bone amulet
 31199 | Spider:1 | Reached skill level 14 in Armour
 32068 | D:13     | Noticed Erolcha
 32165 | D:13     | Received a gift from Okawaru
 32171 | D:13     | Killed Erolcha
 32437 | D:13     | Noticed Rupert
 32454 | D:13     | Killed Rupert
 32454 | D:13     | Received a gift from Okawaru
 32868 | D:14     | Noticed Snorg
 32886 | D:14     | Killed Snorg
 32953 | D:14     | Received a gift from Okawaru
 33187 | D:14     | Gained mutation: You have sharp toenails. [mutagenic meat]
 33188 | D:14     | Gained mutation: Your flesh is heat resistant. (rF+) [mutagenic meat]
 33426 | D:15     | Entered Level 15 of the Dungeon
 33507 | D:15     | Reached skill level 17 in Fighting
 33512 | D:15     | Gained mutation: You are dopey. (Int -2) [mutagenic meat]
 33519 | D:15     | Received a gift from Okawaru
 33722 | D:15     | Reached skill level 15 in Armour
 33959 | D:15     | Found a staircase to the Depths.
 34078 | D:15     | Received a gift from Okawaru
 34453 | D:14     | Received a gift from Okawaru
 34522 | D:14     | Found a gate to the Vaults.
 34542 | D:14     | Noticed Josephine
 34550 | D:14     | Killed Josephine
 34550 | D:14     | Reached XP level 18. HP: 105/124 MP: 21/21
 34759 | Vaults:1 | Entered Level 1 of the Vaults
 35107 | D:14     | Identified the amulet "Owauch" {+Rage Str+4} (You found it on level 1 of the Spider Nest)
 35666 | Vaults:1 | Reached skill level 16 in Armour
 35671 | Vaults:1 | Reached skill level 18 in Fighting
 35689 | Vaults:1 | Gained mutation: You tend to lose your temper in combat. [mutagenic meat]
 35690 | Vaults:1 | Gained mutation: Scrolls take you a little longer to read. [mutagenic meat]
 36426 | Vaults:1 | Received a gift from Okawaru
 36973 | Vaults:1 | Noticed Jorgrun
 36994 | Vaults:1 | Killed Jorgrun
 36994 | Vaults:1 | Received a gift from Okawaru
 37694 | Vaults:2 | Reached skill level 17 in Armour
 37795 | Vaults:2 | Found a staircase to the Crypt.
 37843 | Vaults:2 | Got a steaming chain mail
 37865 | Vaults:2 | Identified the +5 chain mail of the Ant {Dex+3} (You found it on level 2 of the Vaults)
 38091 | Vaults:2 | Lost mutation: You are clumsy. (Dex -2) [mutagenic meat]
 38093 | Vaults:2 | Lost mutation: You are dopey. (Int -2) [mutagenic meat]
 38094 | Vaults:2 | Gained mutation: You are agile. (Dex +2) [mutagenic meat]
 38096 | Vaults:2 | Gained mutation: You often lose your temper in combat. [mutagenic meat]
 38212 | Vaults:2 | Reached skill level 19 in Fighting
 38271 | Vaults:2 | Gained mutation: You passively map a small area around you. [potion of mutation]
 38271 | Vaults:2 | Gained mutation: Your mind is acute. (Int +2) [potion of mutation]
 38272 | Vaults:2 | Gained mutation: You have an uncontrollable temper. [potion of mutation]
 38272 | Vaults:2 | Lost mutation: Your mind is acute. (Int +2) [potion of mutation]
 38272 | Vaults:2 | Lost mutation: You are agile. (Dex +2) [potion of mutation]
 38303 | Vaults:2 | Received a gift from Okawaru
 38423 | Vaults:2 | Received a gift from Okawaru
 38697 | Vaults:2 | Found a portal to a secret trove of treasure.
 39468 | Vaults:3 | Reached XP level 19. HP: 133/133 MP: 22/22
 39620 | Vaults:3 | Gained mutation: You are dopey. (Int -2) [mutagenic meat]
 40005 | Vaults:3 | Noticed Margery
 40030 | Vaults:2 | Reached skill level 12 in Shields
 40882 | Vaults:3 | Noticed Asterion
 40894 | Vaults:3 | Killed Asterion
 40995 | Vaults:3 | Received a gift from Okawaru
 41134 | Vaults:3 | Killed Margery
 41142 | Vaults:3 | Cast into level 2 of the Abyss (hell knight)
 41245 | Abyss:2  | Found a corrupted altar of Lugonu.
 41250 | Abyss:2  | Paralysed by accursed screaming for 1 turns
 41257 | Abyss:2  | HP: 8/134 [starcursed mass/accursed screaming (12)]
 41258 | Abyss:2  | HP: 1/134 [starcursed mass/accursed screaming (7)]
 41258 | Abyss:2  | Paralysed by accursed screaming for 1 turns
 41263 | Abyss:2  | HP: 3/134 [starcursed mass/accursed screaming (11)]
 41263 | Abyss:2  | Paralysed by accursed screaming for 2 turns
 41264 | Abyss:2  | Slain by a spatial maelstrom

Skill      XL: |  1  2  3  4  5  6  7  8  9 10 11 12 13 14 15 16 17 18 19 |
---------------+----------------------------------------------------------+-----
Maces & Flails | 3 4 5 6 7 8 10 12 15 16 | 16.0
Shields        | 5 6 8 9 11 12 | 12.8
Fighting       | 5 6 8 11 12 13 15 17 19 | 19.9
Invocations    | 4 5 |  5.0
Armour         | 7 10 11 12 13 15 17 | 17.4
Dodging        | 8 |  8.1
Crossbows      | 3 5 |  5.0
Stealth        | 2 5 |  5.4
Evocations     | 1 5 |  5.0

Action                   |  1- 3 |  4- 6 |  7- 9 | 10-12 | 13-15 | 16-18 | 19-21 || total
-------------------------+-------+-------+-------+-------+-------+-------+-------++-------
Melee: Flail             |   113 |   249 |   438 |   945 |  1884 |    62 |       ||  3691
       Mace              |       |    29 |    30 |       |       |       |       ||    59
       Demon whip        |       |       |       |       |    77 |  2675 |       ||  2752
       Broad axe         |       |       |       |       |       |    46 |    49 ||    95
       Morningstar       |       |       |       |       |       |   109 |   206 ||   315
 Fire: Hand crossbow     |       |       |       |       |       |     2 |     1 ||     3
Throw: Throwing net      |       |       |       |       |       |     1 |       ||     1
Invok: Heroism           |       |       |       |     7 |    22 |    19 |     4 ||    52
       Finesse           |       |       |       |       |     4 |     3 |     2 ||     9
 Abil: Fly               |       |       |       |       |     1 |       |       ||     1
Evoke: Wand              |       |       |       |       |    13 |       |       ||    13
       Lamp of fire      |       |       |       |       |     1 |       |       ||     1
  Use: Scroll            |       |     7 |       |     9 |     8 |     8 |     4 ||    36
       Potion            |       |       |       |     2 |     1 |     6 |     2 ||    11
 Stab: Paralysed         |       |       |     3 |       |       |       |       ||     3
  Eat: Chunk             |     1 |     8 |    13 |    40 |    72 |    45 |    10 ||   189
       Pizza             |       |       |       |     1 |       |       |       ||     1
       Royal jelly       |       |       |       |       |     1 |     1 |       ||     2
       Bread ration      |       |       |       |       |     1 |       |       ||     1
       Meat ration       |       |       |       |       |       |     1 |       ||     1
       Fruit             |       |       |       |       |       |     2 |       ||     2
       Beef jerky        |       |       |       |       |       |     1 |       ||     1
Armor: Scale mail        |    56 |   110 |   187 |   422 |   191 |       |       ||   966
       Plate armour      |       |       |       |       |   545 |    22 |       ||   567
       Crystal plate arm |       |       |       |       |       |  1581 |   154 ||  1735
       Skin              |       |       |       |       |       |     1 |       ||     1
Dodge: Dodged            |    39 |    61 |   119 |   224 |   515 |   790 |    56 ||  1804
Block: Shield            |    68 |   124 |   243 |   461 |   982 |  1588 |   156 ||  3622
       Reflection        |       |       |       |       |       |    42 |    11 ||    53
